 Dungeon Crawl Stone Soup version 0.31-a0-702-gf82c85558f (webtiles) character file.

Game seed: 1064048874806594362

324 qw the Shooter (level 6, -6/37 HPs)
             Began as a Gargoyle Hunter on Sept 7, 2023.
             Mangled by an ice beast (11 damage)
             ... on level 3 of the Dungeon.
             The game lasted 00:00:43 (2174 turns).

qw the Shooter (Gargoyle Hunter)                    Turns: 2174, Time: 00:00:44

Health: -6/37      AC: 11    Str: 15    XL:     6   Next: 48%
Magic:  6/6        EV: 11    Int:  9    God:
Gold:   43         SH:  0    Dex: 15    Spells: 5/5 levels left

rFire   . . .        Y - +1 shortbow (flame)
rCold   . . .        (shield currently unavailable)
rNeg    + . .        j - +0 ring mail
rPois   inf          d - +0 helmet
rElec   +            (no cloak)
rCorr   .            (no gloves)
SInv    .            k - +0 pair of boots
Will    .....        (no amulet)
Stlth   +            (no ring)
HPRegen 0.26/turn    (no ring)
MPRegen 0.10/turn

%: no passive effects
@: about to teleport
A: sickness immunity, AC +4, negative energy resistance 1, electricity
resistance, torment resistance 1, petrification resistance
a: no special abilities


You were on level 3 of the Dungeon.
You visited 1 branch of the dungeon, and saw 3 of its levels.

You collected 43 gold pieces.


Innate Abilities, Weirdness & Mutations

You are immune to sickness and miasma.
Your stone body is resilient. (AC +4)
You are immune to poison.
You resist negative energy. (rN+)
You are resistant to electric shocks. (rElec)
You are resistant to unholy torment.
You are immune to petrification.


   Skills:
 + Level 3.3 Fighting
 - Level 6.9 Ranged Weapons
 - Level 1.8 Armour
 - Level 1.5 Dodging
 - Level 1.1 Stealth


You had 5 spell levels left.
You didn't know any spells.
Your spell library was empty.

Inventory:

Hand Weapons
 Y - a +1 shortbow of flaming (weapon)
Armour
 d - a +0 helmet (worn)
 j - a +0 ring mail (worn)
 k - a +0 pair of boots (worn)
Scrolls
 a - a scroll of vulnerability {unknown}
 b - a scroll of identify
Potions
 f - a potion of might {unknown}
 h - a potion of degeneration {unknown}
 i - a potion of magic {unknown}
 m - a potion of ambrosia {unknown}

Dungeon Overview and Level Annotations

Branches:
Dungeon (3/15)

Altars:


Message History

An ice beast comes into view.
You see here 2 gold pieces.
You shoot an arrow. The arrow hits the ice beast.
The arrow melts the ice beast.
The ice beast is lightly wounded.
You shoot an arrow.
The arrow hits the ice beast but does no damage.
The ice beast is lightly wounded.
You shoot an arrow. The arrow barely misses the ice beast.
You shoot an arrow. The arrow hits the ice beast.
The arrow melts the ice beast.
The ice beast is lightly wounded.
You shoot an arrow.
The arrow completely misses the ice beast.
The ice beast hits you but does no damage.
You shoot an arrow. The arrow hits the ice beast.
The arrow melts the ice beast.
The ice beast is heavily wounded.
The ice beast hits you. The ice beast freezes you.
You shoot an arrow. The arrow hits the ice beast.
The arrow melts the ice beast.
The ice beast is heavily wounded.
The ice beast hits you. The ice beast freezes you.
You shoot an arrow. The arrow hits the ice beast.
The arrow melts the ice beast.
The ice beast is severely wounded.
The ice beast misses you.
You shoot an arrow. The arrow barely misses the ice beast.
The ice beast hits you but does no damage. x2
You shoot an arrow. The arrow barely misses the ice beast.
The ice beast hits you but does no damage.
You shoot an arrow.
The arrow hits the ice beast but does no damage.
The ice beast is severely wounded.
The ice beast hits you. The ice beast freezes you!
2172 ||| READING scroll of teleportation.
As you read the scroll of teleportation, it crumbles to dust.
You feel strangely unstable.
The ice beast hits you but does no damage.
You shoot an arrow. The arrow closely misses the ice beast.
The ice beast hits you but does no damage.
You shoot an arrow. The arrow hits the ice beast!
The arrow melts the ice beast.
The ice beast is almost dead.
The ice beast hits you. The ice beast freezes you!
You die...

#.##.## #.##.#
#.##.# #.##.#
#<##.# #. #%#
##.##
#...########...
#.#....@Y......
#...########...
##.## #. #. #.
##


You could see an ice beast.

Vanquished Creatures
  Grinder (D:3)
  Ijyb (D:3)
  Natasha (twice) (D:3)
  2 worms
  3 dart slugs
  4 endoplasms
  2 giant cockroaches
  5 hobgoblins
  5 quokkas
  5 ball pythons
  5 bats
  2 frilled lizards
  6 kobolds
  5 rats
48 creatures vanquished.

Notes
Turn   | Place    | Note
-------+----------+-------------------------------------------
     0 | D:1      | qw the Gargoyle Hunter began the quest for the Orb.
     0 | D:1      | Reached XP level 1. HP: 12/12 MP: 1/1
     0 | D:1      | 0 ||| qw: Version: 0.3-a-76-g4403597
     0 | D:1      | 0 ||| qw: Game counter: 748
     0 | D:1      | 0 ||| qw: Melee chars always use a shield: true
     0 | D:1      | 0 ||| qw: God list: Okawaru
     0 | D:1      | 0 ||| qw: Allow faded altars: false
     0 | D:1      | 0 ||| qw: Do Orc after clearing Dungeon:15 true
     0 | D:1      | 0 ||| qw: Do second Lair branch before Depths: true
     0 | D:1      | 0 ||| qw: Lair rune preference: random
     0 | D:1      | 0 ||| qw: Goals: Normal
     0 | D:1      | 0 ||| PLANNING D:1-11
   248 | D:1      | Reached XP level 2. HP: 17/17 MP: 2/2
   268 | D:1      | Found a faded altar of an unknown god.
   717 | D:1      | Reached XP level 3. HP: 16/21 MP: 3/3
   897 | D:1      | 897 ||| DROPPING ring of flight.
   898 | D:1      | 898 ||| READING scroll labelled ROYLLU NALOM.
   899 | D:1      | 899 ||| READING scroll labelled TAMMODARIO.
   900 | D:1      | 900 ||| READING 2 scrolls labelled QUGHOTT LIDETA.
   904 | D:1      | 904 ||| DROPPING scroll of butterflies.
   925 | D:2      | Reached skill level 5 in Ranged Weapons
  1515 | D:2      | 1515 ||| UPGRADING to +0 helmet.
  1520 | D:2      | 1520 ||| UPGRADING to +0 ring mail.
  1530 | D:2      | 1530 ||| DROPPING +0 leather armour.
  1531 | D:2      | 1531 ||| UPGRADING to +0 pair of boots.
  1536 | D:2      | 1536 ||| READING scroll labelled QOTROY VUBREY.
  1637 | D:2      | 1637 ||| READING scroll labelled ZIARAW RIPS.
  1638 | D:2      | 1638 ||| READING scroll labelled CUAKKUWN NIGA.
  1639 | D:2      | 1639 ||| READING scroll labelled OVIJIR MENA.
  1672 | D:3      | Noticed Natasha
  1674 | D:3      | 1674 ||| STAIRDANCE
  1784 | D:3      | Killed Natasha
  1785 | D:3      | Reached skill level 1 in Armour
  1785 | D:3      | Reached XP level 4. HP: 27/27 MP: 4/4
  1788 | D:3      | Noticed Natasha
  1796 | D:3      | Killed Natasha
  1797 | D:3      | Reached skill level 3 in Fighting
  1923 | D:3      | Noticed Ijyb
  1934 | D:3      | Killed Ijyb
  1935 | D:3      | Reached XP level 5. HP: 31/32 MP: 5/5
  2094 | D:3      | Noticed Grinder
  2096 | D:3      | Paralysed by Grinder for 3 turns
  2106 | D:3      | Killed Grinder
  2107 | D:3      | Reached skill level 6 in Ranged Weapons
  2107 | D:3      | Reached XP level 6. HP: 34/37 MP: 6/6
  2160 | D:3      | Noticed an ice beast
  2171 | D:3      | HP: 7/37 [ice beast (11)]
  2172 | D:3      | 2172 ||| READING scroll of teleportation.
  2174 | D:3      | Mangled by an ice beast

Levels and vault maps discovered:
D:1:      lemuel_arrival_funnel, layout_basic,
          shapermc_ecumenical_altar_rom_forum, minmay_crystal_room,
          st_stairs_12, nicolae_wormholes
D:2:      layout_loops_ring
D:3:      layout_loops_ring, uniq_natasha, uniq_grinder, uniq_ijyb

Skill      XL: |  1  2  3  4  5 |
---------------+----------------+-----
Ranged Weapons | 5 6 |  6.9
Armour         | 1 |  1.8
Fighting       | 3 |  3.3
Dodging        | |  1.5
Stealth        | |  1.1

Action                     |  1- 3 |  4- 6 || total
---------------------------+-------+-------++-------
   Fire: Shortbow          |   108 |    63 ||   171
    Use: Scroll            |     7 |     1 ||     8
 Armour: Leather armour    |    23 |       ||    23
         Ring mail         |     5 |    25 ||    30
  Dodge: Dodged            |    17 |    15 ||    32

Table legend:
 A = Non-vault XP
 B = Vault XP
 C = Vault XP percentage of total XP
 D = Non-vault monster count
 E = Vault monster count
 F = Vault count percentage of total count
                 A         B        C        D         E       F
            +---------+---------+-------+---------+---------+-------
      Total |     114 |     349 |  75.4 |      43 |       5 |  10.4
            +---------+---------+-------+---------+---------+-------
        D:1 |      31 |       6 |  16.2 |      18 |       2 |  10.0
        D:2 |      23 |       0 |   0.0 |      12 |       0 |   0.0
        D:3 |      60 |     343 |  85.1 |      13 |       3 |  18.8
            +---------+---------+-------+---------+---------+-------
